 Dungeon Crawl Stone Soup version 0.30-a0-1160-g6e42c06551 (webtiles) character file.

Game seed: 14870821316836840263

127 cheesebisquit the Trooper (level 4, -5/42 HPs)
             Began as a Draconian Fire Elementalist on Apr 25, 2023.
             Succumbed to an orc wizard's poison
             ... on level 3 of the Dungeon.
             The game lasted 00:12:32 (3269 turns).

cheesebisquit the Trooper (DrFE)                    Turns: 3269, Time: 00:12:33

Health: -5/42      AC:  5    Str:  7 (10) XL:     4   Next: 85%
Magic:  2/7        EV: 12    Int: 14 (17) God:
Gold:   174        SH:  0    Dex: 10 (12) Spells: 4/7 levels left

rFire   . . .        d - +2 dagger (elec)
rCold   . . .        (no shield)
rNeg    . . .        (body armour unavailable)
rPois   .            (helmet restricted)
rElec   .            (no cloak)
rCorr   .            (no gloves)
SInv    .            (no boots)
Will    .....        (no amulet)
Stlth   ++           (no ring)
HPRegen 0.27/turn    (no ring)
MPRegen 0.10/turn

%: no passive effects
@: lethally poisoned (-5 -> -30)
A: AC +5, unfitting armour, cold-blooded
a: no special abilities


You were on level 3 of the Dungeon.
You visited 1 branch of the dungeon, and saw 3 of its levels.

You collected 174 gold pieces.

Inventory:

Hand Weapons
 d - a +2 dagger of electrocution (weapon)
 f - a +1 mace of protection
Missiles
 h - 9 poisoned darts
 i - 9 boomerangs
Magical Staves
 g - a staff of fire
Jewellery
 l - a ring of protection from fire
Scrolls
 c - 7 scrolls of identify {unknown}
 j - a scroll of noise {unknown}
 k - 3 scrolls of teleportation {unknown}
 n - 3 scrolls of poison {unknown}
 o - a scroll of vulnerability {unknown}
Potions
 b - a potion of degeneration
 e - a potion of curing {unknown}
 m - a potion of heal wounds {unknown}


   Skills:
 + Level 5.0 Fighting
 - Level 1.7 Dodging
 - Level 1.7 Stealth
 - Level 2.0 Spellcasting
 - Level 1.0 Conjurations
 - Level 3.0 Fire Magic


You had 4 spell levels left.
You knew the following spells:

 Your Spells              Type           Power      Damage    Failure   Level
z - Scorch                Fire           18%        2d5       11%         2
Y - Foxfire               Conj/Fire      28%        2x1d5     11%         1

Your spell library contained the following spells:

 Spells                   Type           Power      Damage    Failure   Level
 Magic Dart               Conj           16%        1d3       16%         1
 Call Imp                 Summ           2%         N/A       34%         2
 Inner Flame              Hex/Fire       5%         N/A       36%         3
 Volatile Blastmotes      Fire/Tloc      10%        2d10      36%         3
 Mephitic Cloud           Conj/Pois/Air  2%         N/A       52%         3
 Summon Guardian Golem    Hex/Summ       1%         N/A       56%         3
 Flame Wave               Conj/Fire      7%         2d5       71%         4
 Animate Dead             Necr           1%         N/A       93%         4
 Haunt                    Necr/Summ      0%         N/A       100%        7
 Orb of Destruction       Conj           2%         9d5       100%        7
 Spellforged Servitor     Conj/Summ      1%         N/A       100%        7
 Infestation              Necr           0%         N/A       100%        8


Dungeon Overview and Level Annotations

Branches:
Dungeon (3/15)

Altars:


Innate Abilities, Weirdness & Mutations

Your plain brown scales are hard. (AC +5)
You cannot fit into any form of body armour.
You are cold-blooded and may be slowed by cold attacks.


Message History

Something barely misses you. The orc closely misses you.
Unknown command.
Casting: Foxfire (safe; 9% risk of failure)
Press: ? - help, Q - select action, (/) - cycle Dir - look around, f - activate You conjure some foxfire!
You feel very sick. The orc barely misses you. Something hits you.
You are lethally poisoned!
Casting: Foxfire (safe; 9% risk of failure)
Confirm with . or Enter, or press ? or * to list all spells.
Flames lash the giant cockroach.
You kill the giant cockroach!
* * * LOW HITPOINT WARNING * * *
You feel very sick.
The foxfire hits something.
The foxfire hits the orc.
The orc is almost dead.
You hear some strange, mumbled words.
Something tries to affect you, but you resist.
The orc closely misses you.
Casting: Foxfire (safe; 9% risk of failure)
Press: ? - help, Q - select action, (/) - cycle Dir - look around, f - activate You conjure some foxfire!
* * * LOW HITPOINT WARNING * * *
You feel very sick. The orc misses you. Something hits you but does no damage.
You are more poisoned.
Casting: Foxfire (safe; 9% risk of failure)
Confirm with . or Enter, or press ? or * to list all spells.
Flames lash something.
* * * LOW HITPOINT WARNING * * *
You feel very sick.
The foxfire hits the orc but does no damage.
The orc is almost dead.
The foxfire hits something but does no damage.
The orc hits you but does no damage. Something hits you but does no damage.
You are more poisoned.
It was a potion of degeneration.
There was something very wrong with that liquid.
You feel weakened.
You feel dopey.
You feel clumsy.
You die...

..####### #.##....# ###
..##....######.###
#..............#..
#............#.#..
#.##.......#.#.#..
##..###{#####.##.#.#.#..
......o@............>#..
##..###)#####.##.#.#.#..
...# #.##.#.#.#.. ###.#
#.##.#.#.#.. #.#
#.##.#.#.#..
##.#####.##........ ..
..........##...###
...###.##.##..........#
.......##.............#


You could see an orc.

Vanquished Creatures
  2 adders (D:3)
  A worm (D:2)
  5 dart slugs
  10 orcs
  8 ball pythons
  4 bats
  8 endoplasms
  13 giant cockroaches
  4 goblins
  4 hobgoblins
  7 kobolds
  4 quokkas
  3 frilled lizards
  4 rats
77 creatures vanquished.

Vanquished Creatures (others)
  173 foxfires
173 creatures vanquished.

Grand Total: 250 creatures vanquished

Notes
Turn   | Place    | Note
-------+----------+-------------------------------------------
     0 | D:1      | cheesebisquit the Draconian Fire Elementalist began the
                  | quest for the Orb.
     0 | D:1      | Reached XP level 1. HP: 14/14 MP: 3/3
   216 | D:1      | Reached skill level 1 in Fighting
   380 | D:1      | Reached XP level 2. HP: 23/24 MP: 1/5
   456 | D:1      | Reached skill level 2 in Fighting
   640 | D:1      | Learned a level 2 spell: Scorch
  1146 | D:1      | Reached skill level 3 in Fighting
  1146 | D:1      | Reached XP level 3. HP: 31/31 MP: 0/6
  1980 | D:2      | Reached skill level 4 in Fighting
  2044 | D:2      | Reached XP level 4. HP: 36/40 MP: 2/7
  3151 | D:3      | Reached skill level 5 in Fighting
  3268 | D:3      | HP: 1/42 [poisoned by an orc wizard]
  3269 | D:3      | Succumbed to an orc wizard's poison

Illustrated notes

Levels and vault maps discovered:
D:1:      elethiomel_arrival_quiet, layout_basic
D:2:      kb_forest_paths, layout_basic, minmay_misc_feat_chi,
          nicolae_concentric_dashed_squares_mild, wad_orctagon
D:3:      layout_basic

Skill      XL: |  1  2  3  4 |
---------------+-------------+-----
Fighting       | 1 3 4 5 |  5.0
Dodging        | |  1.7
Stealth        | |  1.7
Spellcasting   | |  2.0
Conjurations   | |  1.0
Fire Magic     | |  3.0

Action                     |  1- 3 |  4- 6 || total
---------------------------+-------+-------++-------
  Melee: Dagger            |    27 |    32 ||    59
         Tailslap          |     3 |     4 ||     7
         Unarmed           |     2 |       ||     2
         Punch             |       |     1 ||     1
   Cast: Foxfire           |    68 |    39 ||   107
         Scorch            |     7 |     7 ||    14
    Use: Potion            |       |     2 ||     2
 Armour: Skin              |    16 |    13 ||    29
  Dodge: Dodged            |    30 |    39 ||    69

Table legend: (Time is in decaauts)
 A = Elapsed time spent in this place.
 B = Non-inter-level travel time spent in this place.
 C = Inter-level travel time spent in this place.
 D = Time resting spent in this place.
 E = Time spent auto-exploring this place.
 F = Levels seen in this place.
 G = Mean time per level.
                   A        B        C        D        E       F      G
               +--------+--------+--------+--------+--------+-----+--------+
         Total |   3269 |   3216 |     53 |      0 |   2793 |   3 | 1089.7 |
       Dungeon |   3269 |   3216 |     53 |      0 |   2793 |   3 | 1089.7 |
               +--------+--------+--------+--------+--------+-----+--------+

Top non-repeatable levels by time:
     D:1: 1367 daAuts
     D:2: 1333 daAuts
     D:3: 567 daAuts
